 Dungeon Crawl Stone Soup version 0.26-a0-810-ge1a9524b62 (webtiles) character file.

Game seed: 3188140941332938670

5071 selver the Tainter (level 10, -14/63 HPs)
             Began as an Octopode Venom Mage on Nov 12, 2020.
             Was a Priest of Kikubaaqudgha.
             Demolished by a skeletal warrior
             ... wielding a +0 mace
              (16 damage)
             ... on level 8 of the Dungeon.
             The game lasted 00:45:52 (8787 turns).

selver the Tainter (Octopode Venom Mage)            Turns: 8787, Time: 00:45:53

Health: -14/63     AC:  4    Str:  9    XL:     10   Next: 56%
Magic:  28/28      EV: 15    Int: 20    God:    Kikubaaqudgha [***...]
Gold:   483        SH:  0    Dex: 12    Spells: 2/22 levels left

rFire    + + .     SeeInvis .   r - +2 whip (freeze)
rCold    x . .     Faith    .   (no shield)
rNeg     + + +     Spirit   .   j - +3 hat "Letazoax" {rF++ rC- rN+++}
rPois    .         Reflect  .   k - amulet of magic regeneration
rElec    .         Harm     .   g - ring of magical power
rCorr    .         Rampage  .   (no ring)
MR       .....                  (no ring)
Stlth    +++.......             (no ring)
HPRegen  0.20/turn              (no ring)
MPRegen  0.46/turn              (no ring)
                                (no ring)
                                (no ring)

@: berserk cooldown, attractive, slowed, very slow
A: almost no armour, stealthy swim, amphibious, 8 rings, constrict 8, camouflage
1, gelatinous body 1
a: Receive Corpses, Renounce Religion


You were on level 8 of the Dungeon.
You worshipped Kikubaaqudgha.
Kikubaaqudgha was most pleased with you.
You visited 1 branch of the dungeon, and saw 8 of its levels.

You collected 483 gold pieces.

Inventory:

Hand Weapons
 c - a +2 whip of draining
 l - a +4 short sword
 n - the +1 hand axe "Xuqiy" {vorpal, +Fly rElec MR- Dex+9}
   (You found it on level 4 of the Dungeon)

   It inflicts extra damage upon your enemies.
   It affects your dexterity (+9).
   It insulates you from electricity.
   It affects your resistance to hostile enchantments.
   It lets you fly.
 r - a +2 whip of freezing (weapon)
Armour
 j - the +3 hat "Letazoax" (worn) {rF++ rC- rN+++}
   (You acquired it on level 7 of the Dungeon)

   It greatly protects you from fire.
   It makes you vulnerable to cold.
   It renders you almost immune to negative energy.
Jewellery
 g - a ring of magical power (left tentacle)
 k - an amulet of magic regeneration (around mantle)
Wands
 h - a wand of disintegration (7)
 m - a wand of acid (10)
 u - a wand of polymorph (7)
Scrolls
 b - 4 scrolls of enchant weapon
 d - 7 scrolls of teleportation
 e - 5 scrolls of remove curse
 o - a scroll of amnesia {unknown}
 s - a scroll of identify
 t - a scroll of summoning
Potions
 i - 2 potions of lignification
 q - a potion of cancellation


   Skills:
 - Level 3.8 Fighting
 + Level 4.4 Dodging
 - Level 2.6 Stealth
 + Level 6.5 Spellcasting
 - Level 3.0 Conjurations
 * Level 4.2 Necromancy
 - Level 4.0 Transmutations
 - Level 5.5 Fire Magic
 - Level 3.0 Air Magic
 - Level 10.2 Poison Magic


You had 2 spell levels left.
You knew the following spells:

 Your Spells              Type           Power        Failure   Level
a - Sting                 Tmut/Pois      ####         1%          1
b - Poisonous Vapours     Pois/Air       ####..       1%          2
c - Mephitic Cloud        Conj/Pois/Air  ####....     3%          3
d - Olgreb's Toxic Radia  Pois           #####...     1%          4
e - Ignite Poison         Fire/Tmut/Pois ####....     1%          3
f - Vampiric Draining     Necr           ###.......   5%          3
g - Animate Dead          Necr           ###.......   17%         4

Your spell library contained the following spells:

 Spells                   Type           Power        Failure   Level
 Animate Skeleton         Necr           ###...       1%          1
 Pain                     Necr           ###.         1%          1
 Sublimation of Blood     Necr           ###.......   2%          2
 Corona                   Hex            #......      10%         1
 Freeze                   Ice            #...         10%         1
 Ensorcelled Hibernation  Hex/Ice        #.....       16%         2
 Dazzling Flash           Conj/Hex       ##....       16%         3
 Dispel Undead            Necr           ###.....     17%         4
 Confusing Touch          Hex            #.......     30%         3
 Frozen Ramparts          Ice            #.....       30%         3
 Ozocubu's Armour         Ice            #.......     30%         3
 Tukima's Dance           Hex            #.......     30%         3
 Excruciating Wounds      Necr           ###.......   43%         5
 Hailstorm                Conj/Ice       ##......     45%         4
 Summon Ice Beast         Ice/Summ       #.......     69%         4
 Borgnjor's Vile Clutch   Necr/Erth      ##........   75%         5
 Death Channel            Necr           ###.......   95%         6


Dungeon Overview and Level Annotations

Branches:
Dungeon (8/15)             Temple (0/1) D:7
   Lair: D:8-11

Altars:
Hepliaklqana
Kikubaaqudgha
Makhleb
Okawaru
Uskayaw
Vehumet
Zin

Shops:
D:6 [   D:7 [


Innate Abilities, Weirdness & Mutations

You cannot wear most types of armour.
You are very stealthy in the water. (Stealth+)
You are amphibious.
You can wear up to eight rings at the same time.
You can use your tentacles to constrict eight enemies at once.
Your skin changes colour to match your surroundings (Stealth+).
Your rubbery body absorbs attacks. (AC +1, EV +1)


Message History

Your wight hits the skeletal warrior with a +4 halberd.
The skeletal warrior hits you but does no damage. x2
Your wight hits the skeletal warrior with a +3 battleaxe!
Something hits your wight!!
Your wight is destroyed!
Your wight barely misses the skeletal warrior.
Your wight hits the skeletal warrior but does no damage.
The skeletal warrior completely misses you.
The skeletal warrior hits you but does no damage.
The skeletal warrior hits your wight with a +0 mace!!
Your wight is destroyed!
A skeletal warrior comes into view. It is wielding a +0 halberd.
Your wight hits the skeletal warrior but does no damage.
The skeletal warrior hits you but does no damage.
You feel less wooden.
The +3 hat "Letazoax" {rF++ rC- rN+++} unmelds from your body.
The skeletal warrior is pulled toward you! x2
The skeletal warrior hits you with a +0 mace!
You die...
Kikubaaqudgha rasps: "You have failed me!
Welcome... death!"

#...####.#.....##.##.....#
#.#
.........#.....##.##.....#
#.##
....รท............?.......#
#...
.........###.#.##.##.....#
####
.....###.###......##.....#
#.. .....#
#.......########### ##.#
.....# #####.##### #...
.....#


#zzzzz# #..# .#.#.# #####@# ##### #... ..... #o# ##...## #.## #o#####.....###.#
#oo..........##.# ######..).......# #..))...#### ##.....## ##...## ##### You
could see 4 skeletal warriors, a friendly wight (summoned), a friendly orc
wizard (summoned) and 3 friendly orcs.

Vanquished Creatures
  Erica (D:8)
  Pikel (D:7)
  Joseph (D:7)
  Grum (D:8)
  Duvessa (D:7)
  2 black bears
  2 orc warriors
  A sky beast (D:8)
  A phantom (D:8)
  3 wolves
  4 lemures (D:7)
  6 ogres
  2 centaurs
  4 bullfrogs
  Dowan (D:7)
  2 scorpions
  8 wights
  5 killer bees (D:8)
  A howler monkey (D:2)
  A bullfrog zombie (D:6)
  A jelly (D:8)
  2 bullfrog skeletons (D:6)
  A centaur skeleton (D:8)
  3 orc priests
  4 hounds
  5 orc wizards
  5 worker ants
  A hound zombie (D:5)
  A worker ant zombie (D:5)
  4 gnolls
  6 adders
  A howler monkey skeleton (D:5)
  A shadow imp (D:5)
  A white imp (D:7)
  2 oozes
  An adder skeleton (D:5)
  A worm (D:2)
  A dart slug (D:1)
  6 leopard geckos
  29 orcs
  A ball python (D:5)
  9 giant cockroaches
  3 goblins
  4 hobgoblins
  11 jackals
  7 quokkas
  A bat (D:3)
  7 frilled lizards
  A jackal skeleton (D:4)
  A jackal zombie (D:7)
  4 kobolds
  A quokka skeleton (D:5)
  2 rats (D:1)
176 creatures vanquished.

Vanquished Creatures (others)
  A human (D:2)
1 creature vanquished.

Grand Total: 177 creatures vanquished

Notes
Turn   | Place    | Note
-------+----------+-------------------------------------------
     0 | D:1      | selver the Octopode Venom Mage began the quest for the Orb.
     0 | D:1      | Reached XP level 1. HP: 11/11 MP: 3/3
    99 | D:1      | Reached skill level 4 in Poison Magic
   103 | D:1      | Reached XP level 2. HP: 6/17 MP: 0/5
   326 | D:1      | Learned a level 2 spell: Poisonous Vapours
   806 | D:2      | Reached XP level 3. HP: 7/21 MP: 0/6
  1149 | D:2      | Found an ancient bone altar of Kikubaaqudgha.
  1150 | D:2      | Noticed a human
  1153 | D:2      | Became a worshipper of Kikubaaqudgha
  1153 | D:2      | Killed a human
  1309 | D:2      | Found a burning altar of Makhleb.
  1314 | D:2      | Found a glowing silver altar of Zin.
  1314 | D:2      | Noticed a cacodemon
  1314 | D:2      | Noticed an angel
  1343 | D:2      | Reached skill level 5 in Poison Magic
  1453 | D:2      | Learned a level 3 spell: Mephitic Cloud
  1939 | D:3      | Reached XP level 4. HP: 10/27 MP: 1/8
  2571 | D:3      | Reached * piety under Kikubaaqudgha
  2571 | D:3      | Identified Kikubaaqudgha's Catalogue of Sinister Secrets
                  | (Kikubaaqudgha gifted it to you on level 3 of the Dungeon)
  2571 | D:3      | Received a gift from Kikubaaqudgha
  2691 | D:3      | Reached skill level 1 in Conjurations
  2894 | D:2      | Reached skill level 1 in Air Magic
  2894 | D:2      | Reached XP level 5. HP: 27/31 MP: 9/9
  3246 | D:3      | Reached skill level 6 in Poison Magic
  3267 | D:3      | Learned a level 4 spell: Olgreb's Toxic Radiance
  3289 | D:3      | Found a faded altar of an unknown god.
  3384 | D:4      | Reached XP level 6. HP: 35/36 MP: 6/10
  3628 | D:4      | Found a hazy altar of Hepliaklqana.
  3999 | D:4      | Found an iron altar of Okawaru.
  4007 | D:4      | Got a transparent hand axe
  4008 | D:4      | Identified the cursed +1 hand axe "Xuqiy" {vorpal, +Fly
                  | rElec MR- Dex+9} (You found it on level 4 of the Dungeon)
  4186 | D:4      | Reached XP level 7. HP: 26/41 MP: 12/12
  4318 | D:5      | Entered Level 5 of the Dungeon
  4318 | D:5      | Found an ancient bone altar of Kikubaaqudgha.
  4330 | D:5      | Reached skill level 7 in Poison Magic
  4621 | D:4      | Learned a level 3 spell: Ignite Poison
  5115 | D:5      | Reached skill level 1 in Fire Magic
  5277 | D:5      | Reached ** piety under Kikubaaqudgha
  5277 | D:5      | Reached XP level 8. HP: 44/46 MP: 14/14
  5340 | D:5      | Reached skill level 8 in Poison Magic
  5518 | D:5      | Found a burning altar of Makhleb.
  5518 | D:5      | Noticed a green death
  5522 | D:5      | Noticed a smoke demon
  5642 | D:6      | Found Otrit's Armour Boutique.
  6030 | D:6      | Found a hide-covered altar of Uskayaw.
  6188 | D:6      | Reached skill level 9 in Poison Magic
  6348 | D:6      | Reached XP level 9. HP: 33/51 MP: 15/16
  6643 | D:6      | You fall into a shaft and drop 1 floor!
  6648 | D:7      | Noticed Pikel
  6653 | D:7      | Killed Pikel
  6653 | D:7      | Reached skill level 5 in Spellcasting
  6653 | D:7      | Reached skill level 5 in Fire Magic
  6714 | D:7      | Identified a scroll of acquirement
  6714 | D:7      | Acquired the +3 hat "Letazoax" {rF++ rC- rN+++}
  6739 | D:7      | Reached skill level 10 in Poison Magic
  6981 | D:7      | Learned a level 3 spell: Vampiric Draining
  7207 | D:7      | Got a brightly glowing war axe
  7208 | D:7      | Identified the +6 war axe of Evil {vorpal, *Rage rPois
                  | Int+8} (You found it on level 7 of the Dungeon)
  7270 | D:7      | Found a radiant altar of Vehumet.
  7319 | D:7      | Found Iriadex's Armour Shoppe.
  7330 | D:7      | Noticed Dowan
  7331 | D:7      | Noticed Duvessa
  7333 | D:7      | Killed Dowan
  7333 | D:7      | Reached skill level 1 in Fighting
  7335 | D:7      | Killed Duvessa
  7479 | D:7      | Found a staircase to the Ecumenical Temple.
  7479 | D:7      | Noticed Joseph
  7518 | D:7      | Killed Joseph
  7518 | D:7      | Reached skill level 1 in Necromancy
  7518 | D:7      | Reached XP level 10. HP: 61/61 MP: 3/18
  7719 | D:8      | Noticed Erica
  7730 | D:8      | Killed Erica
  7829 | D:8      | Noticed a skeletal warrior
  7829 | D:8      | Noticed a skeletal warrior
  7885 | D:8      | Noticed Grum
  7926 | D:8      | HP: 1/63 [wolf[Grum] (8)]
  8374 | D:8      | Reached *** piety under Kikubaaqudgha
  8374 | D:8      | Identified Kikubaaqudgha's Papyrus of Evil (Kikubaaqudgha
                  | gifted it to you on level 8 of the Dungeon)
  8374 | D:8      | Received a gift from Kikubaaqudgha
  8404 | D:7      | Learned a level 4 spell: Animate Dead
  8459 | D:8      | Killed Grum
  8746 | D:8      | Noticed a skeletal warrior
  8784 | D:8      | HP: 2/94 [skeletal warrior/+0 dire flail[a skeletal
                  | warrior] (5)]
  8786 | D:8      | Noticed a skeletal warrior
  8787 | D:8      | Demolished by a skeletal warrior

Illustrated notes

Levels and vault maps discovered:
D:1:      nicolae_arrival_somewhat_less_tricky_arrival, layout_rooms
D:2:      layout_loops_corners, grunt_temple_overflow_order_and_chaos_2,
          st_stairs_3, minmay_misc_feat_doors, grunt_decor_junction,
          tgw_kikubaaqudgha
D:3:      layout_basic, chequers_ecumenical_altar_simple
D:4:      layout_loops_ring, old_standard_altar, okawaru_ov_weapons_minmay
D:5:      layout_basic, basic_altar, minivault_24, makhleb_altar_promises_db
D:6:      layout_rooms, lemuel_coloured_pillars_altar, serial_shops, shop,
          chequers_arboretum, minmay_ruined_shrine
D:7:      layout_basic, lemuel_crystal_altar, temple_green, serial_shops,
          nicolae_shop_stone, uniq_duvessa, uniq_joseph, uniq_pikel
D:8:      layout_loops_cross, basic_altar, st_stairs_8, uniq_erica, uniq_maggie,
          uniq_grum

Skill      XL: |  1  2  3  4  5  6  7  8  9 10 |
---------------+-------------------------------+-----
Poison Magic   | 4 5 6 7 9 10 | 10.2
Conjurations   | 1 2 3 |  3.0
Spellcasting   | 3 4 5 6 |  6.5
Air Magic      | 1 2 3 |  3.0
Fire Magic     | 1 4 5 |  5.5
Transmutations | 3 4 |  4.0
Fighting       | 2 3 |  3.8
Necromancy     | 1 4 |  4.2
Dodging        | 4 |  4.4
Stealth        | |  2.6

Action                   |  1- 3 |  4- 6 |  7- 9 | 10-12 || total
-------------------------+-------+-------+-------+-------++-------
Melee: Dagger            |    12 |       |       |       ||    12
       Constrict         |    11 |    10 |    21 |     4 ||    46
       Whip              |    24 |    33 |   129 |    44 ||   230
       Tentacles         |     5 |     7 |     9 |     4 ||    25
 Cast: Sting             |    34 |    13 |    22 |     2 ||    71
       Poisonous Vapours |     4 |    41 |    35 |    16 ||    96
       Mephitic Cloud    |       |     3 |    21 |     6 ||    30
       Olgreb's Toxic Ra |       |       |     4 |     4 ||     8
       Ignite Poison     |       |       |    22 |    16 ||    38
       Animate Dead      |       |       |       |     1 ||     1
       Vampiric Draining |       |       |       |     1 ||     1
Evoke: Wand              |       |       |     9 |     3 ||    12
  Use: Potion            |     1 |     2 |     9 |     7 ||    19
       Scroll            |       |     5 |     9 |     2 ||    16
 Stab: Sleeping          |     1 |     2 |     3 |       ||     6
       Confused          |       |       |     1 |       ||     1
Armor: Skin              |     4 |     1 |    60 |    26 ||    91
Dodge: Dodged            |    29 |    26 |    71 |    28 ||   154

Table legend: (Time is in decaauts)
 A = Elapsed time spent in this place.
 B = Non-inter-level travel time spent in this place.
 C = Inter-level travel time spent in this place.
 D = Time resting spent in this place.
 E = Time spent auto-exploring this place.
 F = Levels seen in this place.
 G = Mean time per level.
                   A        B        C        D        E       F      G
               +--------+--------+--------+--------+--------+-----+--------+
         Total |   8779 |   8657 |    122 |   3470 |   3652 |   8 | 1097.4 |
       Dungeon |   8779 |   8657 |    122 |   3470 |   3652 |   8 | 1097.4 |
               +--------+--------+--------+--------+--------+-----+--------+

Top non-repeatable levels by time:
     D:7: 1472 daAuts
     D:2: 1353 daAuts
     D:4: 1326 daAuts
     D:3: 1193 daAuts
     D:5: 999 daAuts
     D:6: 991 daAuts
     D:1: 780 daAuts
     D:8: 663 daAuts
